 Dungeon Crawl Stone Soup version 0.26-a0-610-g3e9335bbc7 (webtiles) character file.

Game seed: 12260393954769385519

90 ANON1729 the Skirmisher (level 4, -4/36 HPs)
             Began as a Mummy Chaos Knight on Sept 3, 2020.
             Was a Plaything of Xom.
             Slain by an orc warrior
             ... wielding a +0 hand axe
              (9 damage)
             ... on level 3 of the Dungeon.
             The game lasted 00:02:22 (1341 turns).

ANON1729 the Skirmisher (Mummy Chaos Knight)        Turns: 1341, Time: 00:02:23

Health: -4/36      AC:  5    Str: 16    XL:     4   Next: 32%
Magic:  4/4        EV: 12    Int: 11    God:    Xom [..*...]
Gold:   168        SH:  0    Dex: 11    Spells: 3/3 levels left

rFire    x . .     SeeInvis .   a - +0 spear (chaos)
rCold    + . .     Faith    .   (no shield)
rNeg     + + +     Spirit   .   b - +2 leather armour
rPois    ∞         Reflect  .   (no helmet)
rElec    .         Harm     .   (no cloak)
rCorr    .                      (no gloves)
MR       .....                  (no boots)
Stlth    +.........             (no amulet)
HPRegen  0.12/turn              (no ring)
MPRegen  0.09/turn              (no ring)

@: no status effects
A: no potions, fire vulnerability, cold resistance 1, negative energy resistance
3, torment resistance, unbreathing
a: Renounce Religion


You were on level 3 of the Dungeon.
You worshipped Xom.
You were a toy of Xom.
You visited 1 branch of the dungeon, and saw 3 of its levels.

You collected 168 gold pieces.

Inventory:

Hand Weapons
 a - a +0 spear of chaos (weapon)
 c - a +1 dagger of protection
Armour
 b - a +2 leather armour (worn)
Wands
 f - a wand of disintegration (14)
Scrolls
 d - 2 scrolls of identify {unknown}
 e - a scroll of immolation {unknown}
 g - a scroll of magic mapping {unknown}


   Skills:
 + Level 3.6 Fighting
 + Level 3.0 Polearms
 + Level 2.3 Armour
 + Level 1.8 Dodging


You had 3 spell levels left.
You didn't know any spells.
Your spell library was empty.

Dungeon Overview and Level Annotations

Branches:
Dungeon (3/15)

Altars:
Elyvilon
Hepliaklqana
Sif Muna


Innate Abilities, Weirdness & Mutations

You do not drink.
Your flesh is vulnerable to fire.
You are immune to poison.
Your flesh is cold resistant. (rC+)
You are immune to negative energy. (rN+++)
You are immune to unholy pain and torment.
You can survive without breathing.


Message History

The orc warrior is almost dead.
Your ufetubus barely misses something. x2
The helpless orc warrior fails to defend itself.
You hit the orc warrior but do no damage.
The orc warrior flickers and vanishes!
Your ufetubus closely misses something.
Your ufetubus barely misses something.
Your ufetubus misses something.
Your ufetubus closely misses something.
Something hits you.
Your ufetubus barely misses something.
Your ufetubus closely misses something.
Something hits you!
You barely miss something.
Your ufetubus barely misses something.
Your ufetubus hits something but does no damage.
You hear some strange, mumbled words.
Your ufetubus appears confused.
Something hits you.
You hit something but do no damage. Something hits you. Something hits you!
* * * LOW HITPOINT WARNING * * *
You miss something.
Your ufetubus closely misses something.
Your ufetubus misses something. Something hits you but does no damage.
Something hits you!
You die...

#..##...##...#...##
#.................
#.#.#.#.#.#.#.#.# #
#..#.......#......
#.#.#.#...#.#.#..#
#.........)......# #.
##.#.#....5#.#.#+.# #.
#........#{.......## #.
#..#....##@#.......## #.#
#...................## #..
#..#.#.#.#.#.........####..
#..........+.........+.....
#..#.#.#..##.........####..
#.........###.......## ##.
#..#.#....# ##.....## ##
#.......### ##...## #
#..#.#### ##+## #


You could see a friendly ufetubus (summoned, confused).

Vanquished Creatures
  Ijyb (D:3)
  2 adders (D:2)
  A worm (D:2)
  A dart slug (D:1)
  An orc (D:3)
  2 giant cockroaches
  6 hobgoblins
  4 jackals
  A quokka (D:2)
  3 ball pythons
  7 bats
  4 frilled lizards
  2 goblins (D:1)
  5 kobolds
  4 rats
44 creatures vanquished.

Notes
Turn   | Place    | Note
-------+----------+-------------------------------------------
     0 | D:1      | ANON1729 the Mummy Chaos Knight began the quest for the
                  | Orb.
     0 | D:1      | Reached XP level 1. HP: 18/18 MP: 1/1
    34 | D:1      | Reached skill level 1 in Dodging
    92 | D:1      | Reached XP level 2. HP: 24/24 MP: 2/2
   332 | D:1      | Noticed a glowing shapeshifter
   332 | D:1      | a bat changed into a glowing shapeshifter
   332 | D:1      | Noticed a swamp worm
   332 | D:1      | a glowing shapeshifter changed into a swamp worm
   333 | D:1      | Noticed a queen ant
   338 | D:1      | Noticed a fire dragon
   338 | D:1      | a queen ant changed into a fire dragon
   339 | D:1      | XOM: noise
   341 | D:1      | XOM: divination: magic mapping
   341 | D:1      | Noticed an ice dragon
   341 | D:1      | a fire dragon changed into an ice dragon
   344 | D:1      | Noticed a spark wasp
   344 | D:1      | an ice dragon changed into a spark wasp
   345 | D:1      | Noticed a fire dragon
   345 | D:1      | a spark wasp changed into a fire dragon
   346 | D:1      | XOM: divination: detect items
   443 | D:2      | XOM: cloud trail
   535 | D:2      | XOM: confuse monster(s)
   574 | D:2      | Found a hazy altar of Hepliaklqana.
   613 | D:2      | XOM: cast spell 'Chain of Chaos'
   617 | D:2      | Reached XP level 3. HP: 28/29 MP: 3/3
   697 | D:2      | Found a white marble altar of Elyvilon.
   938 | D:2      | Found a shimmering blue altar of Sif Muna.
   976 | D:2      | XOM: cloud trail
  1133 | D:3      | XOM: 6-stop teleportation journey
  1204 | D:3      | Noticed Ijyb
  1207 | D:3      | XOM: fog
  1215 | D:3      | Killed Ijyb
  1215 | D:3      | Reached XP level 4. HP: 32/36 MP: 4/4
  1318 | D:3      | Noticed an orc warrior
  1328 | D:3      | XOM: summons friendly ufetubus
  1341 | D:3      | Slain by an orc warrior

Illustrated notes

Levels and vault maps discovered:
D:1:      wander_arrival_lonely_grave, layout_rooms, minmay_pentomino_w4
D:2:      layout_rooms, lemuel_coloured_pillars_altar, elyvilon_altar_5,
          lemuel_blue_sif_altar, st_stairs_4
D:3:      layout_loops_corners, hangedman_decor_riveting, uniq_ijyb

Skill      XL: |  1  2  3  4 |
---------------+-------------+-----
Dodging        | 1 |  1.8
Armour         | 2 |  2.3
Polearms       | 3 |  3.0
Fighting       | |  3.6

Action                   |  1- 3 |  4- 6 || total
-------------------------+-------+-------++-------
Melee: Spear             |   149 |    19 ||   168
 Stab: Paralysed         |     5 |     2 ||     7
Armor: Leather armour    |    42 |     1 ||    43
Dodge: Dodged            |    56 |     6 ||    62

Table legend: (Time is in decaauts)
 A = Elapsed time spent in this place.
 B = Non-inter-level travel time spent in this place.
 C = Inter-level travel time spent in this place.
 D = Time resting spent in this place.
 E = Time spent auto-exploring this place.
 F = Levels seen in this place.
 G = Mean time per level.
                   A        B        C        D        E       F      G
               +--------+--------+--------+--------+--------+-----+--------+
         Total |   1334 |   1325 |      9 |    310 |    733 |   3 |  444.7 |
       Dungeon |   1334 |   1325 |      9 |    310 |    733 |   3 |  444.7 |
               +--------+--------+--------+--------+--------+-----+--------+

Top non-repeatable levels by time:
     D:2: 667 daAuts
     D:1: 347 daAuts
     D:3: 319 daAuts
